[Event "*** Titled Tuesday 3|2 Blitz"]
[Site "Chess.com"]
[Date "2017.06.06"]
[Round "2"]
[White "Enzy63"]
[Black "the_drake"]
[Result "1-0"]
[WhiteElo "2051"]
[BlackElo "2133"]
[TimeControl "180+2"]
[EndTime "14:11:42 PDT"]
[Termination "Enzy63 won by resignation"]

1. d4 d5 2. Nf3 Nf6 3. c4 c6 4. g3 a6 5. Bg2 g6 6. O-O Bg7 7. Nc3 O-O 8. cxd5 cxd5 9. Ne5 Nc6 10.
Nxc6 bxc6 11. Bf4 a5 12. Qd2 e6 13. Rac1 Ba6 14. Bh6 Nd7 15. Bxg7 Kxg7 16. Na4 Bb5 17. Nc5 Nxc5 18. Rxc5 a4 19. Rfc1 Qb6 20. e3 Rab8 21. R1c2 Bc4 22. a3 Qa6 23. Qc1 Rb3 24. Bf1 Bxf1 25.
Qxf1 Qxf1+ 26. Kxf1 Rfb8 27. Rxc6 Rxb2 28. Rxb2 Rxb2 29.
Ra6 Rb1+ 30. Kg2 Kh6 31. Rxa4 Ra1 32. h4 g5 33. hxg5+ Kxg5 34. Ra7 f5 35. a4 h5 36. a5 h4 37. gxh4+ Kxh4 38. Re7 Rxa5 39. Rxe6 Kg5 40.
Kg3 Rb5 41. f4+ Kh5 42. Re5 Kg6 43. Re6+ Kh5 44. Rf6 Rb1 45. Rxf5+ Kg6 46. Rxd5 Rg1+ 47. Kf3 Kf6 48. Ke4 Ke6 49. Ra5 Kd6 50. Ra6+ Ke7 51.
Ke5 1-0

[Event "*** Titled Tuesday 3|2 Blitz"]
[Site "Chess.com"]
[Date "2017.06.06"]
[Round "2"]
[White "LittlePeasant"]
[Black "GianmarcoVaR"]
[Result "1-0"]
[WhiteElo "2648"]
[BlackElo "2439"]
[TimeControl "180+2"]
[EndTime "14:11:43 PDT"]
[Termination "LittlePeasant won on time"]

1. e4 c6 2. c4 d5 3. cxd5 cxd5 4. exd5 Nf6 5. Nc3 Nxd5 6. Nf3 Nc6 7. Bb5 e6 8. O-O Be7 9. d4 O-O 10. Re1 Bd7 11. Bd3 Qb6 12. a3 Rfd8 13. Nxd5 exd5 14. Ne5 Nxe5 15. dxe5 Be6 16. b4 Rac8 17. Bd2 g6 18. Qf3 Qd4 19. Rab1 Rc7 20. h3 Rdc8 21. Red1 Qxe5 22. Bf4 Qf6 23. Bxc7 Qxf3 24. gxf3 Rxc7 25. Rbc1 Rxc1 26. Rxc1 Bd6 27. Kg2 Kf8 28. Bb1 d4 29.
Be4 b6 30. h4 h5 31. Kf1 Ke7 32. Ke2 Bf4 33. Rd1 Bc4+ 34. Bd3 Bb3 35. Rb1 Ba2 36.
Rb2 Bd5 37. Rc2 Be6 38. Be4 Kd7 39. Kd3 Be5 40. Rc1 f5 41. Bb7 Kd8 42. Re1 1-0

[Event "*** Titled Tuesday 3|2 Blitz"]
[Site "Chess.com"]
[Date "2017.06.06"]
[Round "2"]
[White "dolynachess"]
[Black "andreimacovei2000"]
[Result "0-1"]
[WhiteElo "2322"]
[BlackElo "2398"]
[TimeControl "180+2"]
[EndTime "14:11:44 PDT"]
[Termination "andreimacovei2000 won by resignation"]

1. c4 e5 2. g3 Nf6 3. Bg2 h6 4. Nc3 Bb4 5. Nd5 Nxd5 6. cxd5 O-O 7. a3 Bc5 8. d3 Re8 9. Nf3 c6 10. Nd2 Na6 11. O-O cxd5 12. Bxd5 Nc7 13. Bg2 d5 14. b4 Bd4 15. Rb1 Be6 16. e3 Bb6 17. Bb2 Qd6 18. Nb3 Rac8 19. Rc1 Na6 20. d4 e4 21. Nc5 Qe7 22. Nxa6 bxa6 23. Qa4 Qb7 24. Rxc8 Rxc8 25. Rc1 Bd7 26. Qd1 Bb5 27. Bh3 Rxc1 28. Qxc1 Bc4 29. Bf1 Bb5 30. Qc2 Qd7 31. h4 h5 32. Be2 g6 33. Bf1 Kg7 34. Qc1 Qc7 35. Qxc7 Bxc7 36. Bxb5 axb5 37. Bc3 Kf6 38. Kg2 Kf5 39. f3 exf3+ 40. Kxf3 f6 41. Be1 g5 42.
Bf2 a5 43. Be1 axb4 44. Bxb4 g4+ 45. Kf2 Ke4 46. Be7 f5 47. Bf8 Kd3 48. Be7 Ba5 49. Bd6 Bd2 50. Bf4 Bc1 0-1

[Event "*** Titled Tuesday 3|2 Blitz"]
[Site "Chess.com"]
[Date "2017.06.06"]
[Round "2"]
[White "Aygehovit1992"]
[Black "Federer999"]
[Result "0-1"]
[WhiteElo "2489"]
[BlackElo "2658"]
[TimeControl "180+2"]
[EndTime "14:11:58 PDT"]
[Termination "Federer999 won by resignation"]

1. d4 Nf6 2. Nc3 d5 3. Bg5 e6 4. e3 Be7 5. Nf3 O-O 6. Bd3 c5 7. dxc5 Nbd7 8. b4 b6 9. Nd4 bxc5 10. Nc6 Qe8 11. Nxe7+ Qxe7 12. bxc5 Qxc5 13. Ne2 h6 14. Bxf6 Nxf6 15. O-O e5 16. c3 Bg4 17. Rc1 Rab8 18. h3 Be6 19. Qd2 Ne4 20. Bxe4 dxe4 21. c4 Rfd8 22.
Qc2 f5 23. Ng3 Rb4 24. Rfd1 Rc8 25.
Qe2 Rxc4 26. Rxc4 Qxc4 27. Qh5 Rf8 28. Rd6 Kh7 29. Qh4 Rf7 30. Nh5 g5 31. Qg3 f4 32.
exf4 Qc1+ 33. Kh2 exf4 34. Nxf4 gxf4 35. Qh4 Qc4 36. Qd8 f3 37. Qe8 Qf1 0-1

[Event "*** Titled Tuesday 3|2 Blitz"]
[Site "Chess.com"]
[Date "2017.06.06"]
[Round "2"]
[White "aa175"]
[Black "dinevmk"]
[Result "0-1"]
[WhiteElo "1870"]
[BlackElo "2018"]
[TimeControl "180+2"]
[EndTime "14:11:59 PDT"]
[Termination "dinevmk won by resignation"]

1. e4 c5 2. Nf3 e6 3. c3 Nc6 4. d4 d5 5. exd5 exd5 6. Be2 Nf6 7.
O-O Be6 8. Re1 Be7 9. Bg5 O-O 10.
Nbd2 Re8 11. Nb3 c4 12. Nbd2 b5 13. b3 a5 14. bxc4 bxc4 15. Rb1 a4 16. Nf1 Qa5 17. Qc1 Ne4 18. Bxe7 Nxe7 19. Rb4 Nc6 20.
a3 Nxb4 21. axb4 Qb6 22. Qa3 f6 23. Bxc4 dxc4 24. Rxe4 Bd7 25. Re3 Rxe3 26. Nxe3 Qd6 27. h3 Bb5 28. Nd2 Qe6 29. Qa2 a3 30. Nb1 f5 31. Nxa3 f4 32. Nexc4 f3 33. gxf3 Kh8 34.
Qb3 Bc6 35. b5 Bxf3 36. b6 Re8 37. Ne3 Qxb3 38. Nac4 Qb1+ 39. Kh2 g5 40. Kg3 Bh5 41.
d5 Qg1+ 0-1

[Event "*** Titled Tuesday 3|2 Blitz"]
[Site "Chess.com"]
[Date "2017.06.06"]
[Round "2"]
[White "hassler2"]
[Black "AndreyOstrovskiy"]
[Result "0-1"]
[WhiteElo "2297"]
[BlackElo "2517"]
[TimeControl "180+2"]
[EndTime "14:12:01 PDT"]
[Termination "AndreyOstrovskiy won by resignation"]

1. e4 e5 2. Nf3 Nc6 3. Bc4 Bc5 4. d3 Nf6 5. c3 a6 6. a4 d6 7. Nbd2 O-O 8. h3 h6 9. O-O Be6 10. Bxe6 fxe6 11. Nc4 b5 12. axb5 axb5 13. Rxa8 Qxa8 14. Ne3 Qa2 15. Qc2 Bb6 16. Ng4 Nxg4 17. hxg4 b4 18. g5 h5 19. Be3 b3 20. Qe2 Bxe3 21. fxe3 Ne7 22. Nh4 Rxf1+ 23. Qxf1 Qxb2 24. g6 Nxg6 25. Nxg6 Qd2 26. Ne7+ Kh7 27. Qf7 Qxe3+ 28. Kh1 Qe1+ 29. Kh2 Qh4+ 30. Kg1 Qxe7 31. Qxe7 b2 32. Qg5 b1=Q+ 33. Kh2 Qd1 34. Qe3 Qg4 35. d4 Qf4+ 36. Qxf4 exf4 0-1

[Event "*** Titled Tuesday 3|2 Blitz"]
[Site "Chess.com"]
[Date "2017.06.06"]
[Round "2"]
[White "goingin33"]
[Black "northridgehawk"]
[Result "1-0"]
[WhiteElo "2185"]
[BlackElo "2090"]
[TimeControl "180+2"]
[EndTime "14:12:01 PDT"]
[Termination "goingin33 won by resignation"]

1. d4 Nf6 2. Bg5 Ne4 3. Bf4 c5 4. f3 Nf6 5. d5 d6 6. e4 g6 7. Nc3 Bg7 8. Qd2 O-O 9. Bh6 Nbd7 10. h4 b5 11. Bxb5 Rb8 12. Bxd7 Bxd7 13. Rb1 Qa5 14. Bxg7 Kxg7 15. h5 gxh5 16. Nge2 Rg8 17. Nf4 Kh8 18. Nxh5 Nxh5 19. Rxh5 Rg7 20. Kf2 Rbg8 21. Rh2 f5 22. Rbh1 Qb4 23. Qh6 Qd4+ 24. Ke1 Rf8 25. Qd2 Qe5 26.
f4 Qd4 27. Qxd4 cxd4 28. Ne2 fxe4 29. Nxd4 Rxf4 30. Ke2 Rfg4 31. Ke3 Rg3+ 32. Kf2 e3+ 33. Kf1 R3g4 34. c3 Rf4+ 35. Ke2 Rf2+ 36. Kxe3 Rxb2 37.
g4 Bxg4 38. Rxb2 h5 39. Rb8+ Kh7 40. Rf1 h4 41. Rbf8 Bh5 42. Ne6 Rg3+ 43. Kd4 Bg6 44. R1f4 Rd3+ 45. Kc4 Rh3 46. Ng5+ Kh6 47. Nxh3 Bh5 48.
Rh8+ Kg7 1-0

[Event "*** Titled Tuesday 3|2 Blitz"]
[Site "Chess.com"]
[Date "2017.06.06"]
[Round "2"]
[White "Indianlad"]
[Black "Storne89"]
[Result "0-1"]
[WhiteElo "2580"]
[BlackElo "2520"]
[TimeControl "180+2"]
[EndTime "14:12:02 PDT"]
[Termination "Storne89 won by resignation"]

1. d4 Nf6 2. Bg5 Ne4 3. h4 d5 4. e3 c6 5. Nd2 Bf5 6. Nxe4 Bxe4 7. f3 Bf5 8. g4 Bc8 9. c4 Qa5+ 10. Qd2 Qxd2+ 11.
Kxd2 e6 12. Bf4 Nd7 13. c5 f6 14. Bg3 Be7 15. b4 b6 16. h5 a5 17. b5 bxc5 18. bxc6 Nb6 19. Rb1 Nc4+ 20. Bxc4 dxc4 21. Ne2 cxd4 22.
Nxd4 Bb4+ 23. Ke2 e5 24. Nb5 Ke7 25. a3 Ba6 26. Nc7 Bxa3 27. Rhd1 c3+ 28. Nxa6 Rxa6 29.
Rb7+ Ke6 30. f4 g6 31. Rxh7 Rxh7 32. hxg6 Rc7 33. f5+ Ke7 34. Bxe5 fxe5 35. g5 c2 36. f6+ Ke6 37. g7 cxd1=Q+ 38. Kxd1 0-1

[Event "*** Titled Tuesday 3|2 Blitz"]
[Site "Chess.com"]
[Date "2017.06.06"]
[Round "2"]
[White "stefanodinn"]
[Black "Rodalquilar"]
[Result "0-1"]
[WhiteElo "2273"]
[BlackElo "2532"]
[TimeControl "180+2"]
[EndTime "14:12:03 PDT"]
[Termination "Rodalquilar won on time"]

1. e4 e5 2. Nf3 Nc6 3. Bb5 a6 4.
Ba4 Nf6 5. O-O Be7 6. Re1 b5 7.
Bb3 d6 8. c3 O-O 9. h3 Na5 10. Bc2 d5 11. exd5 e4 12. Bxe4 Nxe4 13. Rxe4 Bb7 14. d4 Re8 15. Bf4 Nc4 16. b3 Nb6 17. Nbd2 Nxd5 18. Qc2 f5 19. Rxe7 Qxe7 20. Be5 c5 21. c4 Nb4 22. Qxf5 Rf8 23. Qg5 Qxg5 24. Nxg5 cxd4 25. Ne6 Rfe8 26. Nc7 Rxe5 27.
Nxa8 Bxa8 28. cxb5 axb5 29. a4 Nc2 30. Rc1 d3 31. axb5 Rxb5 32. Kf1 h5 33. Rd1 Bd5 34. Kg1 Nd4 35. Rc1 Ne2+ 0-1

[Event "*** Titled Tuesday 3|2 Blitz"]
[Site "Chess.com"]
[Date "2017.06.06"]
[Round "2"]
[White "Keranke"]
[Black "swayamsm"]
[Result "1-0"]
[WhiteElo "2667"]
[BlackElo "2442"]
[TimeControl "180+2"]
[EndTime "14:12:04 PDT"]
[Termination "Keranke won by resignation"]

1. d4 Nf6 2. c4 e6 3. g3 d5 4. Bg2 Bb4+ 5. Nd2 O-O 6. Qc2 Nc6 7.
Nf3 Re8 8. O-O e5 9. cxd5 Nxd4 10. Nxd4 exd4 11. Nb3 Nxd5 12. Qc4 c6 13. Nxd4 Ba5 14.
Rd1 Qe7 15. a3 Bg4 16. Nxc6 bxc6 17. Qxg4 Qxe2 18. Qxe2 Rxe2 19. Bf3 Re1+ 20. Rxe1 Bxe1 21. Bg5 h6 22. Rxe1 hxg5 23. Rc1 Ne7 24. b4 Rd8 25. Bxc6 Rd3 26. a4 Rd4 27. Bb5 Rxb4 28. Rc7 a6 29. Bd3 Rd4 30. Bc2 Kf8 31. Ra7 Rc4 32. Bd3 Nc8 33.
Rxf7+ Kxf7 34. Bxc4+ Ke7 35. Bxa6 Na7 36. Kg2 Kd6 37. Kf3 Kc5 38. Kg4 Kb4 39. Bb5 Nc8 40.
Kxg5 Nd6 41. Kg6 Ne4 42. f4 1-0

[Event "*** Titled Tuesday 3|2 Blitz"]
[Site "Chess.com"]
[Date "2017.06.06"]
[Round "2"]
[White "Aikiigm"]
[Black "anon102030"]
[Result "0-1"]
[WhiteElo "2426"]
[BlackElo "2590"]
[TimeControl "180+2"]
[EndTime "14:12:09 PDT"]
[Termination "anon102030 won by resignation"]

1. e4 e5 2. Nf3 Nc6 3. Bc4 Bc5 4.
d3 Nf6 5. Bg5 h6 6. Bh4 g5 7.
Bg3 d6 8. Nc3 Bg4 9. h3 Bh5 10.
Bb5 a6 11. Bxc6+ bxc6 12. h4 g4 13. Nd2 Bg6 14. Nb3 Bb6 15. h5 Nxh5 16. Qxg4 Qg5 17. Qxg5 hxg5 18. f3 Ke7 19. Bf2 Nf4 20. Rxh8 Rxh8 21.
Bxb6 cxb6 22. Kf2 Rh2 23. Rg1 d5 24. Nc1 f5 25. Kg3 Rh8 26. exf5 Bxf5 27. Re1 Kf6 28. Na4 b5 29. Nc5 a5 30. c3 Rh4 31.
Rg1 a4 32. Kf2 Rh2 33. Kg3 Rh7 34. Kf2 g4 35. fxg4 Bxg4 36. d4 e4 37. Ke3 Kg5 38.
g3 Rh3 39. b3 axb3 40. axb3 Nh5 41. Kf2 Bf3 42. Ne2 Rh2+ 0-1

[Event "*** Titled Tuesday 3|2 Blitz"]
[Site "Chess.com"]
[Date "2017.06.06"]
[Round "2"]
[White "Wolverine_master"]
[Black "1lec"]
[Result "1-0"]
[WhiteElo "1988"]
[BlackElo "2018"]
[TimeControl "180+2"]
[EndTime "14:12:09 PDT"]
[Termination "Wolverine_master won on time"]

1. Nf3 c5 2. c4 Nc6 3. Nc3 g6 4.
g3 Bg7 5. Bg2 e6 6. O-O Nge7 7.
d3 O-O 8. Bg5 h6 9. Bxe7 Qxe7 10.
e3 b6 11. d4 cxd4 12. Nxd4 Bb7 13.
Rc1 Rfd8 14. Ndb5 Be5 15. f4 Bb8 16. e4 a6 17. Nd4 Qc5 18. Ne2 e5 19. fxe5 Bxe5 20.
b4 Bxd4+ 21. Kh1 Qe5 22. b5 axb5 23. cxb5 Rxa2 24. bxc6 Bxc6 25. Qxd4 Qxd4 26. Nxd4 Ba4 27. Ra1 Rxa1 28. Rxa1 b5 29. Bf1 Rb8 30. Rb1 Kg7 31. Bxb5 Bxb5 32. Rxb5 Re8 33. e5 h5 34. Kg2 Re7 35.
Kf3 Re8 36. h4 Ra8 37. Rb7 Ra3+ 38. Kf4 Rd3 39. Nf3 Rd5 40. Ke4 Rd1 41. Nd4 Re1+ 42. Kd5 Rg1 43. Rxd7 Rxg3 44. e6 Kf8 45. Rxf7+ Ke8 46.
Ra7 Rg4 47. Ke5 Rxh4 48. Nc6 Rh1 49. Kf6 Rf1+ 50. Kxg6 1-0

[Event "*** Titled Tuesday 3|2 Blitz"]
[Site "Chess.com"]
[Date "2017.06.06"]
[Round "2"]
[White "jeaston1"]
[Black "silverback96"]
[Result "1-0"]
[WhiteElo "2144"]
[BlackElo "2105"]
[TimeControl "180+2"]
[EndTime "14:12:11 PDT"]
[Termination "jeaston1 won by checkmate"]

1. d4 Nf6 2. c4 c5 3. d5 e6 4. Nc3 exd5 5. cxd5 d6 6. e4 g6 7. f4 Bg7 8. Bb5+ Nfd7 9. Nf3 a6 10.
Bd3 b5 11. O-O O-O 12. Qe1 Nb6 13. Qg3 b4 14. Nd1 c4 15. Bc2 a5 16. f5 a4 17. Bf4 b3 18. axb3 cxb3 19. Bd3 a3 20. Bxd6 axb2 21. Rxa8 Nxa8 22. Ng5 Ba6 23. Bxf8 Bxd3 24.
Qxd3 Bd4+ 25. Qxd4 Kxf8 26. Qh8+ Ke7 27. f6+ Kd7 28.
Qxd8+ Kxd8 29. Nxf7+ Ke8 30. Nd6+ Kd7 31. Nxb2 Kxd6 32.
Nc4+ Kc5 33. f7 Nd7 34. e5 Kxc4 35. e6 Nab6 36. e7 b2 37. e8=Q Kb3 38. f8=Q Ka2 39. Qd6 b1=Q 40. Rxb1 Kxb1 41. Qexd7 Nxd7 42. Qxd7 g5 43. Qxh7+ Kc1 44. Qh5 Kd2 45. Qg4 Ke3 46. d6 Kd2 47. d7 Ke1 48. Qxg5 Ke2 49. d8=Q Ke1 50. Qdd2# 1-0

[Event "*** Titled Tuesday 3|2 Blitz"]
[Site "Chess.com"]
[Date "2017.06.06"]
[Round "2"]
[White "Jadeit90"]
[Black "TamNguyen2"]
[Result "1-0"]
[WhiteElo "2154"]
[BlackElo "2110"]
[TimeControl "180+2"]
[EndTime "14:12:12 PDT"]
[Termination "Jadeit90 won by checkmate"]

1. g3 g6 2. Bg2 Bg7 3. Nf3 Nf6 4.
O-O O-O 5. c4 c5 6. d4 Na6 7.
Nc3 d6 8. d5 e6 9. e4 exd5 10.
cxd5 Re8 11. Nd2 Ng4 12. h3 Ne5 13. f4 Nd7 14. Nc4 Nb6 15. Nxb6 Qxb6 16. Kh2 Bd7 17.
a3 c4 18. Qe2 Nc5 19. Be3 Qc7 20. Qxc4 Rac8 21. Rac1 Bxc3 22. Rxc3 b5 23. Qd4 Qb6 24. f5 Nxe4 25. Rxc8 Bxc8 26. Qxb6 axb6 27. fxg6 hxg6 28. Bxb6 Nd2 29. Rf6 Nc4 30. Bd4 Re2 31. b3 Nxa3 32.
Rxd6 Re8 33. Bf6 Nc2 34. Rb6 Ne1 35. Bf1 Bd7 36. Bxb5 Nf3+ 37. Kg2 Ne1+ 38. Kf1 Bxh3+ 39. Kf2 Rc8 40. Kxe1 g5 41. Bxg5 Kg7 42. Bc4 Re8+ 43. Kd2 Re4 44. Bf6+ Kh6 45. d6 Bd7 46. Bxf7 Rg4 47.
Be5 Re4 48. Bf4+ Kg7 49. Bc4 Rd4+ 50. Kc3 Rd1 51. Rb7 Kf6 52. Rxd7 Rc1+ 53. Kb4 Rd1 54. Rf7+ Kg6 55. d7 Rd5 56. Bxd5 Kh5 57. d8=Q Kg4 58.
Qg5+ Kh3 59. Rh7# 1-0

[Event "*** Titled Tuesday 3|2 Blitz"]
[Site "Chess.com"]
[Date "2017.06.06"]
[Round "2"]
[White "H16"]
[Black "RitvarsReimanis"]
[Result "1-0"]
[WhiteElo "2277"]
[BlackElo "2403"]
[TimeControl "180+2"]
[EndTime "14:12:15 PDT"]
[Termination "H16 won by resignation"]

1. d4 Nf6 2. c4 e6 3. Nf3 d5 4.
Nc3 Bb4 5. cxd5 exd5 6. Bg5 O-O 7. e3 c6 8. Bd3 Re8 9. h3 Nbd7 10. O-O Bd6 11. Qc2 h6 12. Bf4 Bxf4 13. exf4 Nf8 14.
f5 Qd6 15. Rfe1 Rxe1+ 16. Rxe1 Bd7 17. Ne5 Qb4 18. Nf3 Re8 19. Re5 Bc8 20. a3 Qd6 21. Qe2 Bd7 22. g4 b6 23. Rxe8 Nxe8 24. Ne5 f6 25. Nf3 Kf7 26. Qd2 Qe7 27. h4 Qd6 28. b4 Nc7 29. Ne2 Bc8 30. g5 hxg5 31.
hxg5 Ba6 32. Bxa6 Nxa6 33. Nf4 Nc7 34. Qe3 Nb5 35. Nh5 fxg5 36. Nxg5+ Kg8 37. Qe8 Nc7 38. Qc8 Qf6 39. Nxf6+ 1-0

[Event "*** Titled Tuesday 3|2 Blitz"]
[Site "Chess.com"]
[Date "2017.06.06"]
[Round "2"]
[White "wonderfultime"]
[Black "pKiLz5Rn9b"]
[Result "1-0"]
[WhiteElo "2644"]
[BlackElo "2490"]
[TimeControl "180+2"]
[EndTime "14:12:23 PDT"]
[Termination "wonderfultime won by resignation"]

1. d4 Nf6 2. c4 e6 3. Nc3 Bb4 4. e3 O-O 5. Ne2 d5 6. a3 Be7 7. cxd5 exd5 8. Nf4 c6 9. Bd3 Bd6 10.
O-O Re8 11. f3 c5 12. Kh1 Bxf4 13. exf4 c4 14. Bc2 Nc6 15. g4 Qb6 16. g5 Nh5 17.
Nxd5 Qxd4 18. Be3 Rxe3 19. Qxd4 Nxd4 20. Nxe3 Nxc2 21. Nxc2 Nxf4 22. Rfe1 Bf5 23. Nd4 Bg6 24. Re7 h6 25. gxh6 Rd8 26. Ne2 Kf8 27. Re3 Nd3 28. hxg7+ Kxg7 29. Rg1 Kf6 30. Nc3 Nxb2 31. Ne4+ Bxe4 32.
Rxe4 b5 33. Rf4+ Ke5 34. Rxf7 Nd3 35. f4+ Kd4 36. f5 c3 37. Rc7 Nf2+ 38. Kg2 Ng4 39.
Rd1+ 1-0

[Event "*** Titled Tuesday 3|2 Blitz"]
[Site "Chess.com"]
[Date "2017.06.06"]
[Round "2"]
[White "Spinaltap"]
[Black "SabinaFoisor"]
[Result "1-0"]
[WhiteElo "2506"]
[BlackElo "2254"]
[TimeControl "180+2"]
[EndTime "14:12:23 PDT"]
[Termination "Spinaltap won by checkmate"]

1. d4 d5 2. c4 e6 3. Nf3 Nf6 4. Nc3 Be7 5. Bf4 O-O 6. e3 a6 7. a3 c5 8. dxc5 Bxc5 9. cxd5 Nxd5 10. Nxd5 exd5 11. Rc1 Be7 12. Nd4 Qa5+ 13. Qd2 Qxd2+ 14.
Kxd2 g5 15. Bg3 h5 16. h4 g4 17. Be2 Rd8 18. Rc7 Bf6 19. Rhc1 Nc6 20. Nxc6 bxc6 21. R1xc6 Bxb2 22. Rh6 Bf5 23. Rxh5 Bg6 24. Rg5 Kf8 25.
h5 Be4 26. Bxg4 Bf6 27. Rf5 Bxf5 28. Bxf5 Rab8 29. Ke2 Rb2+ 30. Kf3 Ra2 31. Rc6 Bg7 32. h6 Bh8 33. Rxa6 d4 34. Bh4 Rb8 35. exd4 Bxd4 36. h7 Kg7 37. Be4 Rb3+ 38. Kg4 Rbxa3 39. Rd6 Be5 40.
Rd8 Ra4 41. h8=Q# 1-0

[Event "*** Titled Tuesday 3|2 Blitz"]
[Site "Chess.com"]
[Date "2017.06.06"]
[Round "2"]
[White "Zufi1811"]
[Black "josiwales"]
[Result "1-0"]
[WhiteElo "2354"]
[BlackElo "2323"]
[TimeControl "180+2"]
[EndTime "14:12:24 PDT"]
[Termination "Zufi1811 won by resignation"]

1. e4 c5 2. Nf3 Nc6 3. Bb5 Na5 4.
O-O a6 5. Be2 b5 6. d4 e6 7. a4 b4 8. d5 d6 9. c4 e5 10. b3 f5 11. Ng5 f4 12. Ne6 Bxe6 13.
dxe6 Nf6 14. g3 g5 15. Bh5+ Ke7 16. Bf7 h5 17. Nd2 Nc6 18. Bb2 h4 19. gxf4 gxf4 20. Kh1 Qc7 21. Nf3 Nxe4 22. Qe2 Nf6 23. Rad1 Nd8 24.
Nxe5 dxe5 25. Bxe5 Qb7+ 26. f3 Nxf7 27. Bxf6+ Kxf6 28.
Rd7 Qxd7 29. exd7 Bd6 30. Qe4 Rhg8 31. Re1 Be5 32. Qc6+ Kf5 33. Qxc5 Rad8 34. Qd5 Kf6 35. c5 Rg5 36. c6 Bc7 37. Qe6+ Kg7 38. Rg1 Rxg1+ 39. Kxg1 Ne5 40. Kf2 Bb6+ 41. Ke2 Bc7 42.
Qe7+ Kg6 43. Qxb4 Nxc6 44. Qe4+ Kf7 45. Qxc6 Ke7 46. Qxc7 Rxd7 1-0

[Event "*** Titled Tuesday 3|2 Blitz"]
[Site "Chess.com"]
[Date "2017.06.06"]
[Round "2"]
[White "hermionegrangermagic"]
[Black "IMRosen"]
[Result "0-1"]
[WhiteElo "2364"]
[BlackElo "2230"]
[TimeControl "180+2"]
[EndTime "14:12:25 PDT"]
[Termination "IMRosen won by resignation"]

1. d4 Nf6 2. c4 e5 3. dxe5 Ng4 4.
Bf4 Bb4+ 5. Nd2 d6 6. exd6 Qf6 7.
e3 g5 8. Bg3 h5 9. h3 h4 10.
hxg4 hxg3 11. Rxh8+ Qxh8 12. dxc7 Nc6 13. a3 gxf2+ 14. Kxf2 Qh4+ 15. g3 Qh2+ 16. Bg2 Ne5 17. Qa4+ Bd7 18. Qxb4 Nd3+ 19. Kf1 Nxb4 20. axb4 Bc6 21.
Ne4 Bxe4 22. Bxe4 Qxb2 23. Rd1 Rc8 24. Nf3 Qb3 25. Rd3 Qxc4 26. Bf5 Rxc7 27. Ne5 Qxb4 28. Nd7 Qb5 29. Nf6+ Kf8 30. Kf2 Rc2+ 31. Kf3 Qc6+ 32.
Ne4 Rc1 33. Rd8+ Ke7 34. Rd7+ Qxd7 35. Bxd7 Kxd7 36. Nxg5 a5 37. Nxf7 Rf1+ 38. Ke4 Rxf7 0-1

[Event "*** Titled Tuesday 3|2 Blitz"]
[Site "Chess.com"]
[Date "2017.06.06"]
[Round "2"]
[White "XDPS"]
[Black "Margency"]
[Result "0-1"]
[WhiteElo "2512"]
[BlackElo "2549"]
[TimeControl "180+2"]
[EndTime "14:12:28 PDT"]
[Termination "Margency won by checkmate"]

1. d4 Nf6 2. c4 e6 3. Nc3 Bb4 4. e3 O-O 5. Bd3 d5 6. Nf3 c5 7. O-O dxc4 8. Bxc4 b6 9. Qe2 Nbd7 10. Rd1 Bxc3 11. bxc3 Qc7 12. a4 Bb7 13. Bb2 Rac8 14. Bd3 e5 15. dxe5 Bxf3 16. gxf3 Nxe5 17. Bf5 Qc6 18. Kg2 Rcd8 19. c4 Ng6 20. Bxg6 hxg6 21.
Bxf6 Qxf6 22. a5 Qg5+ 23. Kh1 Qh4 24. axb6 axb6 25. f4 Qe7 26. Kg2 Qe4+ 27. f3 Qf5 28. Kh1 Rfe8 29. Qf2 Rd3 30. Re1 Red8 31. Rab1 Rd2 32.
Qg3 Qe6 33. e4 Qxc4 34. Rxb6 Rd1 35. Rb1 Rxb1 36. Rxb1 Qc2 37. Re1 c4 38. e5 c3 39.
Qg2 Rd2 40. Qh3 Qf5 41. Qf1 Qxf4 42. Qh3 Qf5 43. Qf1 c2 44. e6 fxe6 45. Rc1 Qf4 46. h3 Qh2# 0-1

[Event "*** Titled Tuesday 3|2 Blitz"]
[Site "Chess.com"]
[Date "2017.06.06"]
[Round "2"]
[White "ChessNinja48"]
[Black "Kawhi_Leonard2"]
[Result "0-1"]
[WhiteElo "2314"]
[BlackElo "2190"]
[TimeControl "180+2"]
[EndTime "14:12:30 PDT"]
[Termination "Kawhi_Leonard2 won by resignation"]

1. d4 Nf6 2. Nf3 e6 3. c4 c5 4. d5 exd5 5. cxd5 d6 6. Nc3 g6 7. Nd2 Nbd7 8. e4 Bg7 9. Be2 O-O 10. O-O Re8 11. f3 a6 12. a4 Rb8 13. Nc4 Nb6 14. Kh1 Nxc4 15. Bxc4 Bd7 16. a5 Nh5 17. f4 Qh4 18. Qd3 f5 19. Bd2 fxe4 20. Qe3 Bd4 21. Qe1 Qxe1 22. Raxe1 e3 23. Bc1 b5 24. Be2 Nf6 25.
Bf3 b4 26. Ne2 Bb5 27. g3 Bc4 28. Rd1 Nxd5 29. Nxd4 cxd4 30. Rfe1 d3 31. Rxd3 Bxd3 32. Bxd5+ Kg7 33. Bxe3 Be4+ 34. Bxe4 Rxe4 35. Kg2 Kf7 36. Kf2 Rbe8 37. Bd2 Rxe1 38. Bxe1 Rb8 39. Ke3 Ke6 40. Kd4 Rb5 41. g4 Rxa5 42. Bxb4 Ra4 43. Kc3 Kd5 44.
h3 a5 45. Ba3 Rxf4 0-1

[Event "*** Titled Tuesday 3|2 Blitz"]
[Site "Chess.com"]
[Date "2017.06.06"]
[Round "2"]
[White "Batica1984"]
[Black "Federtiu"]
[Result "1-0"]
[WhiteElo "2544"]
[BlackElo "2414"]
[TimeControl "180+2"]
[EndTime "14:12:42 PDT"]
[Termination "Batica1984 won by resignation"]

1. e4 g6 2. d4 Bg7 3. Nc3 d6 4. Bg5 h6 5. Bh4 a6 6. Qd2 b5 7. O-O-O Nd7 8. f4 c5 9. Nf3 Bb7 10. Bf2 b4 11. Na4 Qa5 12. b3 cxd4 13. Bxd4 Ngf6 14. e5 Ne4 15. Qe1 dxe5 16. Bb2 Rc8 17. Kb1 Nc3+ 18. Nxc3 bxc3 19. Bc1 e4 20. Nd4 O-O 21.
Ne6 fxe6 22. Rxd7 Bd5 23. Rxe7 Bf6 24. Ra7 Rc6 25. Qg3 Rc7 26. Qxg6+ Bg7 27. Rxa6 Qc5 28.
Be2 Qf2 29. Bg4 Re7 30. Bxe6+ Rxe6 31. Rxe6 Bxe6 32. Qxe6+ Kh8 33. Qxe4 Rd8 34. Re1 Rd6 35. f5 Rf6 36. g4 Qxh2 37. Bf4 Qf2 38. Be5 Rf7 39.
Bxg7+ Kxg7 40. a4 Qd2 41. Qe5+ Kg8 42. Qe3 Rd7 43. Qxd2 cxd2 44. Rd1 Kf7 45. c4 Kf6 46. Kc2 Kg5 47. Rxd2 Rb7 48. Rd4 1-0

[Event "*** Titled Tuesday 3|2 Blitz"]
[Site "Chess.com"]
[Date "2017.06.06"]
[Round "2"]
[White "FastChance"]
[Black "TenisMaster"]
[Result "0-1"]
[WhiteElo "2485"]
[BlackElo "2660"]
[TimeControl "180+2"]
[EndTime "14:12:47 PDT"]
[Termination "TenisMaster won by resignation"]

1. d4 Nf6 2. Bf4 b6 3. e3 Bb7 4. Nf3 g6 5. Be2 Bg7 6. O-O d6 7. h3 O-O 8. Nbd2 Nbd7 9. Re1 Qe8 10. Bh2 e5 11. dxe5 dxe5 12. Nc4 Ne4 13. c3 Qe7 14. Qc2 Rad8 15. a4 a6 16. Red1 f5 17.
Nfd2 Ndc5 18. b4 Nxd2 19. Rxd2 Ne4 20. Rdd1 h5 21. Bf3 Ba8 22. Qb3 Kh7 23. Rac1 Bd5 24. Bxe4 fxe4 25. Rxd5 Rxd5 26. Nxb6 Rd3 27. Nc4 Rfd8 28.
Rf1 h4 29. Qc2 Qe6 30. Nb2 Rd2 31. Qxe4 Bf6 32. Nc4 Rd1 33. Nxe5 Be7 34. Bf4 Rxf1+ 35. Kxf1 Rd1+ 36. Ke2 Rc1 37. Kd2 Ra1 38. Kd3 Qd6+ 39. Qd4 Rd1+ 40. Ke4 Rxd4+ 41. exd4 Qe6 42. c4 Qf5+ 43.
Ke3 Qc2 44. Nc6 Bf6 45. Be5 Qxc4 46. Bxf6 Qxc6 47. Be5 Qxg2 48. Bxc7 Qxh3+ 49. Ke4 Qg4+ 50. Ke3 h3 51. f3 Qg1+ 52. Ke4 h2 53. Bxh2 Qxh2 54.
d5 Qd6 55. b5 axb5 56. axb5 Kg7 0-1

[Event "*** Titled Tuesday 3|2 Blitz"]
[Site "Chess.com"]
[Date "2017.06.06"]
[Round "2"]
[White "RD4ever"]
[Black "IIIlllII1llIl"]
[Result "0-1"]
[WhiteElo "2602"]
[BlackElo "2509"]
[TimeControl "180+2"]
[EndTime "14:12:48 PDT"]
[Termination "IIIlllII1llIl won by checkmate"]

1. e4 e5 2. Nf3 Nc6 3. Bc4 Bc5 4.
O-O Nf6 5. d4 Bxd4 6. Nxd4 Nxd4 7. f4 d6 8. fxe5 dxe5 9. Bg5 Qe7 10. Na3 Rg8 11. Kh1 Bd7 12. Qe1 h6 13. Bxf6 gxf6 14. Qf2 Rg6 15. Bd5 c6 16. Bb3 Ne6 17. Nc4 b5 18.
Ne3 Qc5 19. a4 Ng5 20. axb5 Nxe4 21. Qe2 Nd6 22. bxc6 Bxc6 23. Rad1 f5 24. Bd5 f4 25. b4 Qb6 26. Ng4 f6 27. Nxe5 fxe5 28. Qxe5+ Kd7 29. Rxf4 Re8 30. Qh5 Rg5 31. Qh3+ Kc7 32.
c4 Bxd5 33. cxd5 Re2 34. Qc3+ Kb7 35. g3 Qb5 36. Qf3 Ree5 37. Rc1 Rxd5 38. Rc5 Qd3 39. Rf7+ Nxf7 40. Qxf7+ Rd7 41. Qf2 Rxc5 42. Qxc5 Qf1+ 43. Qg1 Qf3+ 44. Qg2 Rd1# 0-1